 Dungeon Crawl Stone Soup version 0.25-a0-292-gaa31f046c4 (webtiles) character file.

Game seed: 17187810798669058872, levelgen mode: deterministic

402 MoonlitKnight the Sneak (level 6, 0/35 HPs)
             Began as a Vampire Assassin on Dec 15, 2019.
             Was an Initiate of Dithmenos.
             Slain by a scorpion (1 damage)
             ... on level 4 of the Dungeon.
             The game lasted 00:11:08 (4020 turns).

MoonlitKnight the Sneak (Vampire Assassin)          Turns: 4020, Time: 00:11:08

Health: 0/35       AC:  5    Str: 15    XL:     6   Next: 55%
Magic:  6/6        EV: 19    Int: 13    God:    Dithmenos [......]
Gold:   112        SH:  0    Dex: 23    Spells: 5/5 levels left

rFire    + . .     SeeInvis +   a - +2 dagger
rCold    . . .     Gourm    .   (no shield)
rNeg     . . .     Faith    +   k - +1 leather armour {rF+}
rPois    .         Spirit   .   (no helmet)
rElec    .         Reflect  .   c - +0 cloak
rCorr    .         Harm     .   (no gloves)
MR       .....                  (no boots)
Stlth    +++++.....             r - amulet of faith
HPRegen  0.31/turn              j - ring of flight
MPRegen  0.10/turn              (no ring)

@: mighty, agile, lethally poisoned (0 -> -5), flying, regenerating quickly
A: no food, fangs 3, see invisible, [frail 2], unbreathing
a: Exsanguinate, Renounce Religion


You were on level 4 of the Dungeon.
You worshipped Dithmenos.
Dithmenos was noncommittal.
You were alive.

You visited 1 branch of the dungeon, and saw 4 of its levels.

You collected 112 gold pieces.

Inventory:

Hand Weapons
 a - a +2 dagger (weapon)
 i - a +0 dagger
Missiles
 d - 26 poisoned darts (quivered)
 e - 2 curare-tipped darts
Armour
 c - a +0 cloak (worn)
 k - a +1 leather armour of fire resistance (worn)
Jewellery
 j - a ring of flight (left hand)
 r - an amulet of faith (around neck)
Scrolls
 b - 4 scrolls of amnesia {unknown}
 f - 2 scrolls of enchant armour {unknown}
 g - a scroll of teleportation {unknown}
 l - a scroll of fog {unknown}
 m - 3 scrolls of remove curse
 n - 6 scrolls of identify
 u - a scroll of fear {unknown}
 v - 3 scrolls of enchant weapon {unknown}
Potions
 o - a potion of ambrosia
 s - a potion of degeneration {unknown}
 t - a potion of cancellation {unknown}


   Skills:
 + Level 1.9 Fighting
 * Level 5.6 Short Blades
 - Level 1.5 Throwing
 + Level 3.6 Dodging
 + Level 7.8 Stealth


You had 5 spell levels left.
You didn't know any spells.
Your spell library was empty.

Dungeon Overview and Level Annotations

Branches:
Dungeon (4/15)
 Temple: D:4-7

Altars:
Dithmenos
Gozag
Makhleb
Qazlal
Uskayaw
Xom

Annotations:
D:3 1 runed translucent door, Crazy Yiuf


Innate Abilities, Weirdness & Mutations

You do not eat.
Your natural rate of healing is unusually fast.
You have razor-sharp teeth.
You have supernaturally acute eyesight. (SInv)
You can survive without breathing.
[You are very frail. (-20% HP)]


Message History

* * * LOW HITPOINT WARNING * * *
You're too confused to move!
You feel less invigorated.
You feel less confused.
You feel sick.
The scorpion stings you but does no damage.
It was a potion of flight.
You feel very buoyant.
You fly up into the air.
You feel sick. The scorpion stings you!
* * * LOW HITPOINT WARNING * * *
It was a potion of agility.
You feel agile all of a sudden.
* * * LOW HITPOINT WARNING * * *
You feel sick. The scorpion barely misses you.
* * * LOW HITPOINT WARNING * * *
You feel sick.
It was a potion of might.
You feel very mighty all of a sudden.
* * * LOW HITPOINT WARNING * * *
You feel sick. The scorpion stings you.
You die...

........####.....#
###.##### #.###.##
.. #.##.§§## ##
#§#§#.#§### #
#.§§§_§§§§###.###
###§#§#§#........
##§§§#.....##.#
#§##.###.# #@##$#
# #s##.###
#).)...# ##)#.#.#
#............#
#....##.#.#..##
.... #......# #..
#........ ##
#.#.##^###


You could see a scorpion.

Vanquished Creatures
  Sigmund (D:3)
  An orc priest (D:3)
  3 orc wizards (D:3)
  An iguana (D:4)
  4 adders
  A worm (D:2)
  2 dart slugs
  3 leopard geckos (D:1)
  4 orcs
  A ball python (D:3)
  5 hobgoblins
  6 jackals
  11 bats
  3 frilled lizards
  9 goblins
  5 kobolds
  9 rats
69 creatures vanquished.

Notes
Turn   | Place    | Note
-------+----------+-------------------------------------------
     0 | D:1      | MoonlitKnight the Vampire Assassin began the quest for the
                  | Orb.
     0 | D:1      | Reached XP level 1. HP: 16/16 MP: 1/1
   241 | D:1      | Reached skill level 6 in Stealth
   282 | D:1      | Reached XP level 2. HP: 17/17 MP: 2/2
   687 | D:1      | Reached XP level 3. HP: 21/21 MP: 3/3
  1151 | D:2      | Found a shimmering altar of Xom.
  1731 | D:2      | Found a hide-covered altar of Uskayaw.
  1737 | D:2      | Reached XP level 4. HP: 26/26 MP: 4/4
  2310 | D:3      | Found an opulent altar of Gozag.
  2705 | D:3      | Found a stormy altar of Qazlal.
  2771 | D:3      | Noticed Sigmund
  2775 | D:3      | Killed Sigmund
  2775 | D:3      | Reached skill level 5 in Short Blades
  2775 | D:3      | Reached skill level 7 in Stealth
  2775 | D:3      | Reached XP level 5. HP: 30/30 MP: 5/5
  2779 | D:3      | Found a runed translucent door.
  2780 | D:3      | Noticed Crazy Yiuf
  2851 | D:3      | Reached XP level 6. HP: 26/35 MP: 6/6
  3798 | D:4      | Found a burning altar of Makhleb.
  3970 | D:4      | Found a shadowy altar of Dithmenos.
  3975 | D:4      | Became a worshipper of Dithmenos the Shadowed
  4020 | D:4      | HP: 1/35 [poisoned by a scorpion]
  4020 | D:4      | Slain by a scorpion

Levels and vault maps discovered:
D:1:      matt_arrival_diagonals, layout_basic, chequers_serial_rivers_micro_d,
          minmay_split_cup_small
D:2:      layout_basic, lemuel_doored_altar, xom_teletrap_fun
D:3:      layout_basic, nicolae_qazlal_eye_of_the_storm,
          nicolae_gozag_seed_capital, uniq_crazy_yiuf_cottage, uniq_sigmund
D:4:      layout_loops_ring, grunt_temple_overflow_magic_moments,
          overflow_temple_1_default, nemelex_xobeh_ov_fountains_minmay,
          grunt_dithmenos_smoke_and_mirrors, minmay_distorted

Skill      XL: |  1  2  3  4 |
---------------+-------------+-----
Stealth        | 6 7 |  7.8
Short Blades   | 3 5 |  5.6
Dodging        | 2 3 |  3.6
Fighting       | |  1.9
Throwing       | |  1.5

Action                   |  1- 3 |  4- 6 || total
-------------------------+-------+-------++-------
Melee: Dagger            |    93 |   102 ||   195
       Bite              |     5 |    15 ||    20
Throw: Dart              |    13 |     1 ||    14
 Abil: Exsanguinate      |     1 |     2 ||     3
       Revivify          |       |     2 ||     2
  Use: Scroll            |     3 |       ||     3
       Potion            |       |     5 ||     5
 Stab: Sleeping          |    27 |     8 ||    35
Armor: Robe              |     8 |       ||     8
       Leather armour    |    12 |    25 ||    37
Dodge: Dodged            |    47 |    78 ||   125

Table legend:
 A = Non-vault XP
 B = Vault XP
 C = Vault XP percentage of total XP
 D = Non-vault monster count
 E = Vault monster count
 F = Vault count percentage of total count
                 A         B        C        D         E       F
            +---------+---------+-------+---------+---------+-------
      Total |     348 |     227 |  39.5 |      65 |       4 |   5.8
            +---------+---------+-------+---------+---------+-------
        D:1 |      43 |       4 |   8.5 |      25 |       3 |  10.7
        D:2 |      66 |       0 |   0.0 |      23 |       0 |   0.0
        D:3 |     167 |     223 |  57.2 |      11 |       1 |   8.3
        D:4 |      72 |       0 |   0.0 |       6 |       0 |   0.0
            +---------+---------+-------+---------+---------+-------
